Map: Selva profunda EE

Players

xXMadGodXx

  • Race: Protoss Protoss
  • Spawn Location: 7:00

Ninjaccount

  • Race: Terran Terran
  • Spawn Location: 7:00

Claudio

  • Race: Terran Terran
  • Spawn Location: 7:00

MrFercho - Winner!

  • Race: Zerg Zerg
  • League: Silver
  • Spawn Location: 1:00

TATORREA - Winner!

  • Race: Protoss Protoss
  • League: Silver
  • Spawn Location: 3:00

tigro - Winner!

  • Race: Terran Terran
  • League: Bronze
  • Spawn Location: 1:00

VOD

Have the link to the VOD?

Description

Time

  • Played on: June 15, 2020, 12:35 a.m.
  • Length: 20:30
Show
View Real Time Build Order
Export as new Build Order

xXMadGodXx Protoss 

Build Orders: Nexus First 

Get SALT Encoding   

  12  0:31  Probe  
  13  0:38  Pylon  
  13  0:39  Probe  
  13  0:49  Probe  
  15  0:59  Probe  
  15  1:03  Nexus  
  16  1:08  Probe  
  17  1:19  Gateway  
  17  1:23  Assimilator  
  17  1:25  Probe  
  18  1:37  Probe  
  19  1:44  Gateway  
  19  1:49  Probe  
  20  2:00  Probe  
  21  2:06  Zealot  
  23  2:10  Probe  
  23  2:11  Cybernetics Core  
  24  2:17  Pylon  
  24  2:19  Probe  
  24  2:22  Pylon  
  24  2:27  Probe  
  26  2:35  Probe  
  26  2:36  Probe  
  28  2:44  Probe  
  28  2:47  Probe  
  30  2:54  Warp Gate, Probe  
  31  2:59  Probe  
  32  3:06  Adept  
  32  3:07  Adept  
  32  3:11  Probe  
  37  3:15  Assimilator  
  37  3:19  Forge  
  37  3:20  Probe  
  37  3:25  Twilight Council, Probe  
  38  3:28  Probe  
  40  3:37  Probe  
  40  3:39  Pylon  
  41  3:45  Pylon  
  41  3:47  Pylon  
  41  3:48  Assimilator  
  41  3:49  Probe  
  41  3:51  Assimilator  
  41  3:53  Pylon  
  41  3:55  Probe  
  43  3:58  Protoss Ground Weapons Level 1  
  43  4:04  Adept  
  43  4:06  Adept  
  43  4:07  Probe  
  48  4:16  Probe  
  48  4:20  Probe  
  50  4:24  Probe  
  50  4:27  Resonating Glaives  
  50  4:28  Probe  
  51  4:32  Pylon  
  51  4:33  Probe  
  51  4:35  Pylon  
  51  4:38  Probe  
  55  4:45  Gateway, Probe  
  55  4:47  Gateway  
  55  4:50  Adept, Probe  
  55  4:52  Adept  
  60  4:57  Probe  
  61  5:02  Probe  
  62  5:09  Photon Cannon  
  62  5:11  Photon Cannon  
  62  5:15  Photon Cannon  
  62  5:17  Photon Cannon  
  62  5:20  Photon Cannon  
  62  5:21  Photon Cannon  
  62  5:28  Photon Cannon  
  62  5:30  Pylon  
  62  5:36  Shield Battery  
  62  5:46  Adept  
  62  5:47  Adept  
  62  5:49  Adept  
  68  5:50  Probe, Nexus  
  68  5:51  Adept  
  71  5:57  Protoss Ground Weapons Level 2  
  71  5:58  Probe  
  72  6:07  Probe  
  73  6:19  Probe  
  74  6:32  Adept  
  76  6:33  Adept x2  
  76  6:34  Adept  
  82  6:45  Nexus  
  82  6:49  Assimilator  
  82  6:51  Assimilator  
  82  6:53  Assimilator  
  82  6:54  Pylon  
  82  6:57  Pylon x2  
  82  7:00  Pylon  
  82  7:02  Blink  
  82  7:05  Adept  
  82  7:06  Adept x2  
  82  7:07  Adept  
  90  7:13  Photon Cannon  
  90  7:14  Photon Cannon  
  90  7:17  Photon Cannon  
  52  8:00  Probe  
  52  8:01  Adept x3  
  52  8:02  Adept  
  61  8:06  Probe  
  61  8:08  Probe  
  63  8:14  Probe  
  63  8:18  Probe  
  64  8:23  Probe  
  66  8:29  Probe  
  66  8:30  Probe  
  68  8:35  Probe  
  68  8:37  Adept  
  68  8:38  Adept x3  
  77  8:41  Probe  
  77  8:42  Probe  
  77  8:43  Gateway  
  77  8:45  Gateway  
  77  8:47  Probe  
  80  8:49  Pylon  
  80  8:53  Assimilator, Probe  
  80  8:54  Photon Cannon  
  81  8:59  Photon Cannon, Pylon  
  81  9:05  Robotics Facility, Probe  
  81  9:07  Robotics Facility  
  81  9:09  Probe  
  82  9:15  Probe  
  84  9:17  Probe x2  
  84  9:19  Adept x3  
  84  9:20  Adept  
  94  9:27  Probe x2  
  96  9:32  Gateway  
  96  9:37  Gateway  
  96  9:39  Probe, Nexus  
  96  9:40  Adept x3, Probe  
  96  9:41  Adept  
  96  9:44  Adept  
  96  9:45  Adept  
  110  9:51  Assimilator  
  110  9:52  Probe  
  111  9:55  Assimilator  
  111  9:57  Pylon  
  111  10:00  Pylon  
  111  10:03  Adept, Pylon  
  111  10:04  Adept x3  
  111  10:05  Adept x2  
  123  10:10  Immortal x2  
  131  10:15  Robotics Bay  
  131  10:20  Gateway  
  131  10:23  Gateway  
  131  10:25  Gateway  
  131  10:32  Adept x2  
  131  10:33  Adept x3  
  131  10:34  Adept x2  
  145  10:46  Pylon  
  95  11:39  Stalker  
  77  11:40  Stalker x2  
  77  11:41  Stalker x2  
  77  11:42  Stalker x2  
  77  11:43  Stalker x2  
  77  11:46  Immortal x2  
  93  11:52  Stalker x2  
  97  11:59  Protoss Ground Weapons Level 3  
  100  12:25  Immortal x2  
  106  12:48  Stalker x2  
  106  12:49  Stalker x3  
  106  12:50  Stalker x3  
  106  12:51  Stalker x2  
  100  13:12  Immortal x2  
  95  13:17  Extended Thermal Lance  
  59  13:41  Stalker x2  
  59  13:42  Stalker x4  
  59  13:43  Stalker x2  
  59  13:44  Stalker x3  
  81  13:51  Colossus x2  
  77  14:08  Stalker x3  
  77  14:09  Stalker x2  
  73  14:10  Stalker  
  73  14:11  Stalker x3  
  73  14:12  Stalker x2  
  73  14:16  Pylon  
  78  14:19  Pylon  
  78  14:23  Photon Cannon  
  74  14:25  Photon Cannon  
  74  14:27  Photon Cannon  
  72  14:54  Stalker  
  72  14:55  Stalker x3  
  72  14:58  Stalker x2  
  72  14:59  Stalker x2  
  86  15:00  Stalker x2  
  86  15:01  Stalker  
  92  15:11  Nexus  
  92  15:13  Assimilator  
  92  15:16  Pylon  
  92  15:19  Pylon  
  85  15:34  Probe  
  84  15:38  Photon Cannon  
  84  15:41  Photon Cannon x2  
  84  15:43  Photon Cannon  
  84  15:45  Photon Cannon  
  84  15:46  Probe  
  84  15:47  Photon Cannon  
  85  15:50  Pylon  
  85  15:52  Shield Battery  
  85  15:57  Photon Cannon  
  85  15:58  Probe  
  85  16:04  Probe  
  87  16:10  Probe  
  88  16:16  Probe  
  89  16:22  Probe  
  90  16:29  Nexus  
  76  16:50  Photon Cannon  
  76  16:56  Assimilator  
  76  17:00  Pylon  
  76  17:03  Pylon  
  76  17:12  Stalker x3  
  76  17:13  Stalker  
  76  17:15  Photon Cannon  
  84  17:17  Photon Cannon  
  80  17:43  Photon Cannon  
  80  17:47  Photon Cannon  
  80  17:49  Photon Cannon x2  
  80  17:55  Photon Cannon  
  80  17:56  Photon Cannon  
  80  17:59  Photon Cannon  
  80  18:00  Photon Cannon  
  80  18:02  Photon Cannon  
  68  18:26  Stalker x2  
  70  18:27  Stalker x2  
  70  18:28  Stalker x4  
  70  18:29  Stalker  
  39  19:01  Stalker x3  
  39  19:02  Stalker x2  
  41  19:03  Stalker x3  
  41  19:04  Stalker  
Show
View Real Time Build Order
Export as new Build Order

Ninjaccount Terran 

Build Orders:  

Get SALT Encoding   

  12  0:21  SCV  
  13  0:31  Supply Depot  
  13  0:33  SCV  
  13  0:35  Refinery  
  14  0:37  Refinery  
  14  0:46  SCV  
  15  0:58  SCV  
  15  0:59  Barracks  
  16  1:10  SCV  
  17  1:22  SCV  
  18  1:42  Command Center  
  18  1:43  SCV  
  19  1:53  Barracks Reactor  
  19  1:55  SCV  
  20  2:01  Supply Depot  
  20  2:19  SCV  
  21  2:29  Engineering Bay  
  21  2:31  Marine x2, SCV  
  24  2:43  SCV  
  25  2:49  Marine x2  
  27  2:55  SCV  
  28  3:07  Marine, SCV  
  28  3:12  Engineering Bay  
  30  3:19  SCV  
  31  3:26  Marine x2  
  33  3:31  SCV  
  34  3:42  Supply Depot  
  34  3:43  SCV  
  34  3:44  Marine  
  36  3:56  SCV  
  37  4:08  SCV  
  38  4:15  Missile Turret  
  38  4:17  Missile Turret  
  38  4:20  SCV  
  39  4:37  Refinery  
  39  4:39  SCV  
  39  4:41  Refinery  
  39  4:44  Terran Infantry Weapons Level 1  
  40  4:45  Terran Infantry Armor Level 1  
  40  4:47  Marine x2  
  40  4:49  Orbital Command  
  40  4:51  SCV  
  40  4:52  Supply Depot  
  43  5:03  SCV  
  43  5:05  Marine x2  
  46  5:16  SCV  
  46  5:19  Factory  
  47  5:22  Marine  
  47  5:23  Marine  
  47  5:28  Barracks, SCV  
  50  5:30  Barracks  
  50  5:40  Marine x2, SCV  
  50  5:41  SCV  
  54  5:52  SCV  
  54  5:53  SCV  
  56  5:58  Marine x2  
  58  6:04  SCV  
  58  6:05  SCV  
  60  6:16  Marine, SCV  
  62  6:20  Command Center  
  62  6:21  Factory Tech Lab  
  62  6:22  Supply Depot, Marine  
  62  6:23  Barracks Reactor x2  
  63  6:28  SCV  
  64  6:34  Marine  
  65  6:40  Marine, SCV  
  65  6:42  Siege Tank  
  70  6:51  Marine  
  70  6:52  SCV  
  72  7:01  Marine x2  
  73  7:03  Marine  
  73  7:04  Marine, SCV  
  77  7:10  Supply Depot  
  77  7:17  SCV  
  78  7:31  Marine x4, Siege Tank  
  78  7:33  Supply Depot  
  78  7:35  Supply Depot  
  85  7:42  Supply Depot  
  85  7:49  Marine x4  
  89  7:55  Orbital Command  
  89  8:03  Marine x2  
  91  8:07  Marine x4  
  95  8:21  Marine x2  
  95  8:25  Marine x4  
  101  8:38  Marine  
  101  8:39  Marine  
  103  8:42  Marine x4  
  107  8:53  Armory  
  107  8:55  Armory  
  107  8:56  Marine x2  
  107  9:00  Marine x3  
  112  9:05  SCV  
  112  9:07  Refinery  
  113  9:10  Refinery  
  114  9:17  Marine, SCV  
  114  9:18  Marine x4  
  114  9:19  Marine  
  120  9:35  Marine  
  120  9:36  Marine x5  
  120  9:37  SCV  
  127  9:49  SCV  
  128  9:52  Marine  
  128  9:54  Marine x5  
  134  10:01  SCV  
  135  10:11  Starport  
  135  10:14  Starport  
  135  10:16  Starport  
  135  10:18  Starport  
  135  10:23  Starport  
  135  10:30  Terran Infantry Weapons Level 2  
  135  10:32  Terran Infantry Armor Level 2  
  135  10:34  Terran Vehicle And Ship Armor Level 1  
  135  10:36  Terran Vehicle Weapons Level 1  
  135  10:40  Supply Depot  
  59  11:29  Starport Reactor  
  59  11:30  Starport Reactor x2  
  59  11:31  Starport Reactor  
  59  11:32  Starport Reactor  
  59  11:39  Marine x2  
  60  11:41  Marine x2  
  60  11:43  Marine x2  
  62  11:57  Marine x2  
  62  11:59  Marine x2  
  62  12:01  Marine x2  
  68  12:15  Marine x2  
  69  12:17  Marine x2  
  69  12:19  Marine x2  
  69  12:21  Viking x2  
  78  12:23  Viking x2  
  78  12:24  Viking x2  
  78  12:25  Viking x2  
  78  12:27  Viking x2  
  78  12:28  Terran Ship Weapons Level 1  
  94  12:33  Marine x2  
  94  12:34  Marine  
  94  12:35  Marine  
  94  12:36  Marine  
  94  12:37  Marine  
  100  12:51  Viking x2, Marine x2  
  102  12:52  Viking, Marine x2  
  102  12:53  Viking  
  102  12:54  Viking x2, Marine x2  
  102  12:55  Viking  
  102  12:57  Viking  
  122  13:00  Planetary Fortress  
  122  13:08  Marine  
  122  13:09  Marine  
  122  13:10  Marine  
  122  13:12  Marine x2  
  120  13:26  Marine x2  
  122  13:30  Marine x2  
  122  13:32  Viking x2  
  122  13:33  Viking x2  
  132  13:35  Viking x2  
  136  14:02  Viking  
  113  14:03  Viking x2  
  113  14:04  Viking  
  113  14:05  Viking  
  99  14:33  Viking x2  
  99  14:34  Viking  
  96  15:11  Viking x2  
  96  15:12  Viking x2  
  96  15:13  Viking x2  
  96  15:14  Viking x2  
  110  15:17  Marine  
  110  15:18  Marine  
  110  15:19  Marine x2  
  110  15:21  Marine  
  117  15:23  Marine  
  101  15:35  Marine x2  
  101  15:40  Viking  
  101  15:41  Viking  
  101  15:42  Viking  
  109  15:43  Viking  
  109  15:44  Viking x2  
  115  15:53  Marine x2  
  117  16:10  Viking  
  119  16:25  Terran Infantry Weapons Level 3  
  119  16:27  Terran Infantry Armor Level 3  
  119  16:29  Marine x2  
  119  16:31  Marine x2  
  119  16:32  Marine x2  
  125  16:47  Marine x2  
  125  16:48  Marine  
  125  16:49  Marine  
  125  16:50  Marine x2  
  131  17:05  Marine x2, Siege Tank  
  131  17:06  Marine x2  
  131  17:08  Marine x2  
  140  17:22  Marine  
  140  17:23  Marine  
  140  17:24  Marine x2  
  140  17:25  Marine  
  140  17:26  Marine  
  146  17:37  Siege Tank  
  146  17:42  Marine x2  
  146  17:43  Marine x2  
  153  18:01  Marine  
  154  18:09  Siege Tank  
  60  18:41  Siege Tank  
  54  19:13  Siege Tank  
  48  19:48  Marine x3  
  48  19:49  Marine x3  
  35  20:06  Marine x3  
  35  20:07  Marine x2  
Show
View Real Time Build Order
Export as new Build Order

Claudio Terran 

Build Orders:  

Get SALT Encoding   

  12  0:24  Supply Depot  
  12  0:28  SCV  
  13  0:33  Refinery  
  13  1:04  Barracks  
  13  1:16  Command Center  
  14  1:25  SCV  
  14  1:37  SCV  
  14  1:39  Refinery  
  15  1:54  Barracks Reactor  
  15  2:06  SCV  
  16  2:18  SCV  
  17  2:30  Refinery  
  17  2:34  Factory  
  17  2:35  Marine x2  
  19  2:38  SCV  
  20  2:52  Marine  
  20  2:53  Marine  
  20  2:55  SCV  
  23  2:58  SCV  
  24  3:10  SCV  
  25  3:19  Factory Tech Lab  
  25  3:22  SCV  
  26  3:30  Marine x2  
  26  3:33  Engineering Bay, SCV  
  29  3:39  SCV  
  30  3:45  SCV  
  31  3:51  SCV  
  32  4:03  Siege Tank  
  35  4:21  SCV  
  36  4:28  Missile Turret  
  36  4:33  SCV  
  37  4:40  Barracks  
  37  4:45  SCV  
  37  4:51  Missile Turret  
  38  5:07  Supply Depot  
  38  5:12  Terran Infantry Weapons Level 1  
  38  5:28  Marine x2  
  38  5:29  Siege Tank, SCV  
  38  5:30  Supply Depot  
  38  5:34  Barracks Tech Lab  
  44  5:36  Barracks Reactor  
  44  5:41  SCV  
  45  5:46  Barracks, Marine  
  46  5:51  Marine  
  46  5:52  Missile Turret  
  46  5:56  SCV  
  48  6:01  Siege Tank  
  51  6:04  Marine  
  51  6:07  Refinery  
  51  6:08  SCV  
  51  6:09  Marine  
  54  6:30  Supply Depot  
  54  6:35  Orbital Command  
  54  6:52  Marine x2, Widow Mine, SCV  
  59  7:04  SCV  
  59  7:07  Starport  
  60  7:09  Marine x2  
  60  7:13  Supply Depot  
  62  7:24  Missile Turret  
  62  7:34  Marine x2  
  62  7:35  Supply Depot, Widow Mine, SCV  
  67  7:46  Missile Turret  
  67  7:49  Barracks Tech Lab  
  67  7:50  Orbital Command  
  67  7:52  Marine x4  
  67  7:56  Widow Mine  
  73  8:05  Supply Depot  
  73  8:10  Marine x2  
  75  8:16  Starport Tech Lab  
  75  8:21  Starport  
  75  8:28  Marine x2, Missile Turret  
  75  8:29  Fusion Core  
  77  8:46  Marine x2  
  77  8:47  Supply Depot  
  79  9:10  Starport Tech Lab  
  79  9:18  Armory  
  79  9:24  Starport  
  79  9:29  Weapon Refit  
  79  9:34  Battlecruiser  
  79  9:35  Battlecruiser  
  91  9:45  SCV  
  92  9:57  SCV  
  93  10:09  SCV  
  93  10:10  Command Center  
  94  10:21  SCV  
  94  10:26  Missile Turret  
  95  10:33  SCV  
  95  10:35  Terran Ship Weapons Level 1  
  96  10:43  Starport  
  96  10:44  Starport Tech Lab  
  96  10:45  SCV  
  96  10:46  Supply Depot  
  96  10:48  Thor  
  103  11:00  Marine x3  
  106  11:04  Combat Shield  
  106  11:18  Marine x3  
  87  11:31  Thor  
  92  11:35  Marine  
  92  11:36  Marine x2  
  90  11:53  Marine x2  
  90  11:54  Marine  
  75  12:11  Marine, Starport Tech Lab  
  72  12:17  Starport  
  71  12:49  Marine x3  
  74  13:07  Marine x3  
  74  13:25  Marine  
  51  13:43  Marine  
  48  14:01  Marine  
  48  14:12  Hellion  
  48  14:15  Marine x2  
  46  14:19  Marine  
  44  14:24  Banshee x4  
  53  14:33  Hellion, Marine x2  
  53  14:36  Marine  
  51  14:51  Marine x2  
  51  14:54  Marine  
  51  14:55  Hellion  
  54  15:07  Banshee x4, SCV  
  54  15:09  Marine x2  
  54  15:12  Marine  
  70  15:16  Hellion  
  70  15:19  SCV  
  73  15:30  Marine  
  73  15:31  SCV  
  75  15:37  Hellion  
  77  15:44  SCV  
  77  15:48  Marine  
  79  15:56  SCV  
  80  16:01  Refinery  
  80  16:05  Marine  
  80  16:08  SCV  
  82  16:14  Starport Tech Lab  
  82  16:15  Medivac x2  
  82  16:16  Medivac x2  
  90  16:20  SCV  
  90  16:23  Marine  
  92  16:32  Command Center  
  92  16:45  Viking x2  
  92  16:46  Viking x2  
  100  17:05  Viking  
  102  17:15  Viking x2  
  104  17:16  Viking x2  
  110  17:26  Refinery  
  110  17:32  SCV  
  110  17:35  Viking  
  113  17:45  Viking x2  
  113  17:46  Viking x2, Missile Turret  
  121  18:01  Marine x2  
  121  18:05  Viking  
  119  18:15  Viking x2  
  119  18:16  Viking x2  
  119  18:19  Marine x2  
  125  18:26  Orbital Command  
  67  18:34  Viking  
  67  18:36  Marine  
  67  18:37  Marine  
  56  18:44  Thor  
  56  18:45  Viking x2  
  56  18:46  Viking x2  
  62  18:54  Marine x2  
  62  19:04  Viking  
  64  19:12  Marine x2  
  62  19:30  Marine  
Show
View Real Time Build Order
Export as new Build Order

MrFercho Zerg - Winner!

Build Orders: Hatch First, Lurkers 

Get SALT Encoding   

  12  0:01  Drone  
  13  0:15  Overlord  
  13  0:25  Drone  
  14  0:33  Drone x2  
  16  0:58  Hatchery  
  16  1:00  Drone x2  
  16  1:01  Drone  
  18  1:19  Spawning Pool  
  18  1:20  Drone  
  18  1:23  Drone  
  19  1:28  Extractor  
  19  1:32  Drone  
  19  1:50  Drone  
  20  1:54  Drone  
  21  2:05  Drone  
  22  2:12  Queen x2  
  22  2:15  Drone  
  27  2:28  Overlord x3  
  27  2:40  Drone  
  28  2:47  Drone x2  
  28  2:48  Drone  
  31  3:01  Drone x2  
  33  3:10  Lair  
  33  3:15  Queen  
  33  3:16  Drone x3  
  39  3:20  Drone  
  39  3:30  Drone  
  39  3:31  Drone  
  41  3:41  Roach Warren  
  40  3:42  Drone  
  40  3:43  Evolution Chamber, Drone  
  40  3:47  Extractor  
  40  3:51  Hatchery  
  39  4:12  Extractor, Drone x6  
  39  4:14  Extractor  
  43  4:17  Baneling Nest  
  43  4:21  Overlord x2, Drone  
  43  4:22  Overlord x2  
  43  4:36  Overlord x3  
  43  4:53  Zergling x10  
  43  4:57  Drone  
  49  5:16  Hydralisk Den, Drone x2  
  49  5:17  Drone x2  
  49  5:20  Zerg Missile Weapons Level 1  
  52  5:25  Evolution Chamber  
  51  5:28  Baneling  
  51  5:29  Baneling x9  
  51  6:07  Drone  
  51  6:08  Drone x11  
  63  6:19  Grooved Spines  
  63  6:21  Zerg Ground Armor Level 1  
  63  6:29  Drone  
  63  6:30  Drone x3  
  67  6:39  Extractor x2  
  65  6:44  Roach  
  65  6:45  Roach x4  
  75  6:55  Centrifical Hooks  
  75  7:03  Drone x8, Infestation Pit  
  82  7:30  Muscular Augments  
  82  7:31  Hydralisk x8  
  82  7:34  Overlord x2  
  93  8:24  Overlord x9  
  93  8:25  Overlord x3  
  93  8:32  Hatchery  
  92  8:36  Spine Crawler  
  92  8:37  Spine Crawler  
  90  8:43  Drone, Spine Crawler x2  
  90  8:44  Drone x2  
  90  8:45  Spine Crawler, Spore Crawler  
  89  9:03  Zerg Missile Weapons Level 2, Zerg Ground Armor Level 2  
  89  9:06  Hive  
  89  9:11  Drone  
  89  9:12  Drone x8  
  98  9:35  Hatchery  
  98  9:37  Hatchery  
  96  9:40  Hydralisk x10  
  116  10:06  Extractor x2  
  114  10:07  Hydralisk  
  114  10:08  Hydralisk x10  
  114  10:09  Hydralisk x3  
  114  10:10  Hydralisk  
  144  10:28  Drone x4  
  148  10:30  Drone x5  
  148  10:31  Drone x2  
  155  11:16  Drone x2  
  155  11:17  Drone x3  
  155  11:18  Drone x2  
  162  11:28  Zerg Missile Weapons Level 3, Zerg Ground Armor Level 3  
  162  11:37  Ultralisk Cavern  
  161  11:41  Lurker Den, Hydralisk x8  
  161  11:42  Hydralisk x12  
  170  12:43  Hydralisk x7  
  170  12:44  Hydralisk x11  
  196  13:02  Anabolic Synthesis  
  196  13:04  Seismic Spines  
  166  13:42  Ultralisk x2  
  166  13:43  Ultralisk x2  
  166  13:44  Chitinous Plating  
  166  13:46  Hydralisk x5  
  198  14:01  Adaptive Talons  
  162  14:11  Lurker x3  
  162  14:12  Lurker x8  
  167  14:29  Hydralisk x3  
  167  14:30  Hydralisk x4  
  181  14:32  Spire  
  181  14:35  Spire  
  179  14:55  Hatchery  
  179  14:57  Extractor  
  179  14:59  Burrow, Pneumatized Carapace  
  175  15:01  Extractor  
  172  15:23  Hydralisk  
  172  15:24  Hydralisk x19  
  156  15:37  Drone x7  
  159  15:59  Greater Spire  
  159  16:01  Zerg Flyer Weapons Level 1  
  159  16:04  Hydralisk x9  
  159  16:05  Hydralisk x2  
  163  16:50  Hydralisk x17  
  163  16:51  Hydralisk  
  181  17:36  Hydralisk  
  181  17:37  Hydralisk x8  
  165  18:29  Hydralisk x5  
  165  18:30  Hydralisk x15  
  195  18:48  Hydralisk  
  195  18:49  Hydralisk  
  197  19:44  Hatchery  
  192  19:47  Extractor  
  192  19:48  Extractor  
Show
View Real Time Build Order
Export as new Build Order

TATORREA Protoss - Winner!

Build Orders:  

Get SALT Encoding   

  12  0:04  Probe  
  13  0:18  Probe  
  13  0:19  Pylon  
  14  0:30  Probe  
  15  0:38  Gateway  
  15  0:42  Probe  
  16  0:47  Assimilator  
  16  0:52  Probe  
  17  1:00  Probe  
  18  1:08  Probe  
  18  1:10  Pylon  
  18  1:16  Probe  
  19  1:24  Probe  
  20  1:26  Assimilator  
  20  1:31  Cybernetics Core  
  21  1:35  Probe  
  22  1:47  Probe  
  23  1:59  Probe  
  24  2:07  Nexus  
  24  2:10  Pylon  
  24  2:12  Probe  
  25  2:20  Probe  
  25  2:21  Warp Gate  
  25  2:29  Probe  
  26  2:33  Stalker  
  29  2:41  Probe  
  30  2:53  Probe  
  31  3:06  Probe  
  32  3:18  Probe  
  33  3:24  Probe  
  33  3:25  Pylon  
  34  3:30  Probe  
  34  3:31  Pylon  
  35  3:35  Pylon  
  35  3:36  Probe  
  36  3:41  Nexus  
  36  3:42  Probe  
  36  3:43  Pylon  
  36  3:48  Probe  
  38  3:54  Probe  
  39  4:00  Probe  
  39  4:02  Assimilator  
  40  4:06  Assimilator, Probe  
  41  4:12  Probe  
  41  4:14  Stalker  
  44  4:18  Probe  
  44  4:22  Gateway  
  45  4:24  Gateway, Probe  
  45  4:27  Gateway  
  45  4:30  Probe  
  47  4:36  Probe  
  48  4:42  Probe  
  49  4:48  Probe  
  50  4:54  Probe  
  50  4:55  Probe  
  52  5:00  Probe  
  52  5:02  Robotics Facility  
  52  5:04  Stargate  
  52  5:06  Stargate  
  52  5:07  Probe x2  
  54  5:12  Probe  
  56  5:14  Stalker  
  56  5:19  Probe x2  
  56  5:20  Stalker  
  56  5:21  Stalker  
  64  5:25  Probe  
  65  5:31  Gateway, Probe x2  
  65  5:33  Gateway  
  67  5:36  Stalker  
  67  5:37  Probe  
  67  5:40  Stalker  
  72  5:43  Probe  
  72  5:44  Probe  
  72  5:49  Probe  
  75  5:50  Assimilator  
  75  5:52  Assimilator  
  75  5:55  Probe  
  75  5:56  Probe  
  77  6:05  Nexus  
  77  6:06  Probe  
  77  6:07  Pylon, Probe  
  77  6:08  Probe  
  80  6:15  Stalker x2  
  80  6:16  Stalker  
  86  6:18  Probe  
  86  6:19  Probe  
  86  6:20  Probe  
  89  6:30  Probe  
  89  6:31  Probe  
  89  6:32  Probe  
  92  6:43  Probe x2  
  92  6:44  Probe  
  95  6:54  Gateway  
  95  6:55  Gateway, Probe  
  96  7:06  Gateway  
  96  7:07  Gateway  
  96  7:12  Probe x3  
  99  7:18  Gateway  
  99  7:20  Gateway  
  99  7:23  Gateway  
  99  7:24  Probe x2  
  99  7:25  Probe  
  99  7:26  Stalker x3  
  99  7:27  Stalker x2  
  99  7:29  Stalker  
  114  7:30  Pylon  
  114  7:32  Immortal  
  114  7:36  Pylon  
  118  7:37  Void Ray  
  118  7:40  Pylon  
  122  7:47  Void Ray, Pylon  
  126  7:56  Stalker x2  
  126  7:57  Stalker x5  
  126  7:58  Stalker  
  142  8:11  Immortal  
  146  8:20  Void Ray  
  150  8:30  Void Ray  
  150  8:33  Forge  
  154  8:34  Forge  
  154  8:39  Forge  
  154  8:45  Stalker  
  154  8:47  Assimilator  
  156  8:50  Protoss Air Weapons Level 1  
  156  8:51  Assimilator  
  156  8:54  Pylon  
  156  9:01  Pylon  
  156  9:09  Pylon  
  156  9:12  Void Ray, Immortal, Pylon  
  156  9:13  Gateway  
  156  9:16  Pylon  
  164  9:18  Gateway  
  164  9:19  Void Ray  
  164  9:23  Gateway  
  168  9:25  Gateway  
  168  9:29  Gateway  
  168  9:30  Pylon  
  168  9:34  Gateway  
  168  9:38  Gateway, Pylon  
  168  9:40  Pylon  
  168  9:56  Stalker x3, Nexus  
  168  9:57  Stalker x4  
  168  9:58  Stalker x2  
  168  9:59  Stalker x2, Pylon, Protoss Ground Weapons Level 1  
  190  10:00  Protoss Ground Armor Level 1, Stalker x2  
  190  10:02  Protoss Shields Level 1  
  190  10:05  Immortal  
  166  11:01  Stalker x2  
  166  11:02  Stalker x2  
  166  11:03  Stalker x5  
  182  11:04  Stalker x2  
  182  11:05  Stalker x5  
  182  11:06  Stalker x2  
  122  11:38  Stalker x2  
  122  11:39  Stalker x4  
  134  11:40  Stalker x4  
  134  11:41  Stalker x3  
  134  11:42  Stalker x3  
  134  11:43  Stalker x4  
  162  11:48  Immortal  
  162  11:50  Void Ray  
  162  11:52  Void Ray  
  138  12:16  Twilight Council  
  138  12:20  Stalker  
  138  12:21  Stalker x2  
  140  12:27  Immortal  
  144  12:30  Stalker x3  
  144  12:31  Stalker  
  144  12:32  Stalker x3  
  144  12:33  Stalker x3, Void Ray  
  144  12:34  Void Ray  
  144  12:35  Stalker  
  174  12:42  Protoss Ground Weapons Level 2  
  174  12:43  Protoss Ground Armor Level 2  
  174  12:46  Protoss Shields Level 2, Stalker x2  
  174  12:47  Stalker x3  
  184  13:12  Stalker  
  184  13:13  Stalker x4  
  184  13:14  Stalker x2  
  184  13:16  Stalker  
  196  13:49  Void Ray  
  196  13:50  Void Ray  
  196  13:53  Immortal  
  188  14:01  Protoss Air Armor Level 1  
  164  14:09  Stalker x4  
  154  14:10  Stalker x4  
  154  14:11  Stalker x2  
  154  14:12  Stalker x4  
  154  14:13  Stalker x3  
  136  14:43  Nexus  
  128  14:45  Pylon  
  128  14:47  Templar Archives  
  128  14:49  Stalker x5  
  128  14:50  Stalker  
  128  14:51  Stalker x2  
  128  14:52  Stalker  
  146  14:53  Stalker  
  146  14:55  Assimilator  
  148  15:00  Assimilator  
  148  15:09  Protoss Ground Weapons Level 3  
  148  15:10  Protoss Ground Armor Level 3  
  148  16:11  High Templar  
  148  16:12  High Templar x4  
  148  16:13  High Templar x4  
  148  16:14  High Templar x2  
  148  16:15  High Templar x3  
  176  16:18  Charge  
  176  16:19  Assimilator  
  176  16:20  Assimilator  
  176  16:22  Zealot  
  176  16:23  Zealot x2  
  176  16:24  Zealot  
  184  16:35  Zealot x2  
  184  16:39  Archon  
  188  16:40  Archon x6  
  188  16:47  High Templar x2  
  188  16:48  High Templar  
  194  16:54  Archon  
  194  16:59  High Templar  
  196  17:05  Archon  
  196  17:07  Stalker x2  
  200  17:09  Protoss Shields Level 3  
  200  17:35  Fleet Beacon  
  200  17:43  Robotics Bay  
  186  18:17  Stalker x3, Nexus  
  186  18:18  Stalker x2  
  186  18:19  Stalker x4  
  182  18:20  Stalker x4  
  182  18:21  Stalker x2  
  182  18:22  Stalker x3  
  182  18:23  Pylon  
  182  18:24  Zealot x2  
  176  18:52  Stalker x2  
  176  18:53  Stalker x3  
  176  18:54  Stalker  
  176  18:55  Stalker x3  
  194  18:56  Stalker  
  196  20:16  Stalker x2  
Show
View Real Time Build Order
Export as new Build Order

tigro Terran - Winner!

Build Orders:  

Get SALT Encoding   

  12  0:06  SCV  
  13  0:18  SCV  
  14  0:30  SCV  
  14  0:31  Supply Depot  
  15  0:36  Refinery  
  15  0:53  SCV  
  16  1:06  Barracks, SCV  
  17  1:15  Refinery  
  17  1:18  SCV  
  18  1:30  SCV  
  19  1:34  Supply Depot  
  19  1:42  SCV  
  20  1:53  Marine  
  21  1:54  SCV  
  22  2:06  SCV  
  23  2:11  Marine  
  23  2:13  Barracks  
  24  2:18  SCV  
  25  2:29  Marine  
  26  2:31  Engineering Bay, SCV  
  27  2:44  Orbital Command  
  27  2:46  Marine  
  28  3:04  Marine  
  29  3:14  Barracks Tech Lab  
  29  3:22  Factory  
  29  3:55  Barracks Tech Lab  
  29  4:06  Marine  
  30  4:10  Factory Tech Lab  
  30  4:19  Starport  
  30  4:20  Terran Infantry Weapons Level 1  
  30  4:23  Combat Shield  
  30  4:24  Marine  
  31  4:27  Stimpack  
  31  4:41  Marine  
  32  4:59  Marine  
  33  5:17  Marine  
  34  5:34  Command Center  
  34  5:42  Medivac  
  36  5:44  Siege Tank  
  39  6:04  Armory  
  39  6:07  Concussive Shells  
  39  6:14  Terran Infantry Armor Level 1  
  39  6:16  Siege Tank  
  42  6:22  Starport Tech Lab  
  42  6:46  Marine  
  43  6:47  Marine  
  43  6:50  Refinery  
  44  6:54  Fusion Core  
  44  7:04  Marine x2  
  44  7:07  Supply Depot  
  46  7:22  Marine x2  
  47  7:25  SCV  
  49  7:36  Terran Vehicle Weapons Level 1  
  49  7:37  SCV  
  49  7:40  Marine x2  
  52  7:50  SCV  
  50  7:58  Marine x2  
  47  8:02  SCV  
  49  8:08  Neosteel Armor  
  49  8:11  Refinery  
  49  8:14  SCV  
  50  8:22  Weapon Refit  
  50  8:24  Starport  
  50  8:26  SCV  
  51  8:38  SCV  
  52  8:50  SCV  
  53  9:02  Marine x2  
  55  9:07  Thor  
  61  9:14  Starport Tech Lab  
  61  9:19  Marine  
  61  9:20  Marine  
  63  9:25  Planetary Fortress  
  63  9:30  Terran Vehicle And Ship Armor Level 1  
  63  9:35  Medivac  
  63  9:37  Marine x2  
  67  9:48  Hi-Sec Auto Tracking  
  67  9:50  Thor  
  73  9:55  Marine x2  
  75  10:02  Supply Depot  
  75  10:13  Marine x2  
  77  10:37  Missile Turret  
  77  10:45  Terran Infantry Weapons Level 2  
  77  10:59  Missile Turret  
  77  11:09  Marine x2  
  79  11:21  Missile Turret  
  79  11:24  Terran Ship Weapons Level 1  
  79  11:27  Marine x2  
  66  11:45  Marine x2  
  54  11:55  Missile Turret  
  46  12:03  Marine x2  
  40  12:17  Medivac x2  
  40  12:20  Marine  
  40  12:21  Marine  
  46  12:26  Missile Turret  
  46  12:38  Marine  
  46  12:39  Marine  
  48  12:46  Missile Turret  
  48  12:47  Battlecruiser x2  
  60  12:56  Marine x2  
  62  13:00  Terran Infantry Armor Level 2  
  62  13:14  Marine x2  
  62  13:18  Terran Vehicle Weapons Level 2  
  64  13:23  Command Center  
  64  13:39  Marine x2  
  66  13:44  Thor  
  72  13:51  Battlecruiser, Refinery  
  72  13:52  Battlecruiser  
  72  13:55  Refinery  
  84  13:57  Marine x2  
  86  14:30  Thor, Marine x2  
  94  14:40  Missile Turret  
  94  14:48  Marine x2  
  64  15:01  Missile Turret  
  64  15:06  Marine x2  
  62  15:13  Thor  
  68  15:21  Missile Turret  
  68  15:42  Missile Turret  
  68  15:48  SCV  
  69  15:56  Marine x2  
  71  15:59  Thor  
  71  16:00  SCV  
  71  16:01  Medivac  
  86  16:04  Battlecruiser  
  86  16:12  SCV  
  86  16:14  Marine x2  
  89  16:25  SCV  
  90  16:31  Battlecruiser  
  90  16:32  Marine x2  
  98  16:37  SCV  
  99  16:49  Marine, SCV  
  99  16:50  Marine  
  102  17:01  SCV  
  103  17:07  Marine x2  
  105  17:25  Marine x2  
  107  18:22  Battlecruiser  
  107  18:26  Battlecruiser  
  83  19:40  Marine  
  83  19:41  Marine  
  85  19:58  Marine x2  
Tags
 
Add a new tag
Caveats
  • Supply blocks, unpowered buildings, or Contaminate may cause inaccurate times.
  • Supply counts are checked every 10 seconds.